Match 44724479
Unlisted

Match 44724479
End
Construct Infanterie Kompanie
Selects Italian Coastal Battlegroup
Selects Coastal Reserves
Coastal Reserve
Coastal Reserve
Coastal Reserve
Sniper
Construct Luftwaffe Kompanie
221 Scout Car
Medical Bunker
Flak 30 Anti-aircraft Gun Team
Selects Support Bunkers
Selects Rapid Fortifications
Construct Panzergrenadier Kompanie
Rapid Fortifications
MG 42 Bunker
Pak 40 Anti-tank Gun Team
Support Elements
Rapid Fortifications
MG 42 Bunker
Selects Bulwark
Selects Artillery Officer
Rapid Fortifications
Construct Panzer Kompanie
MG 42 Bunker
Stoßtruppen Squad
Rapid Fortifications
MG 42 Bunker
Medical Bunker
Sturmpanzer IV Brummbär
Selects Obice da 210/22 Artillery Emplacement
Rapid Fortifications
Panzer IV Medium Tank
Rapid Fortifications
MG 42 Bunker
Side Skirts
Pioneer Squad
Rapid Fortifications
MG 42 Bunker
Rapid Fortifications
MG 42 Bunker
Sturmpanzer IV Brummbär
Rapid Fortifications
MG 42 Bunker
Panzer IV Medium Tank
Pak 40 Anti-tank Gun Team
Pioneer Squad
Rapid Fortifications
Anti-tank Bunker
Rapid Fortifications
MG 42 Bunker
Rapid Fortifications
MG 42 Bunker
[PH60]Field Marshal Erwin Rommel
General George Patton
ZyAcroQC
De.Richelieu
0
0

Comments sign in to comment!

No comments posted yet!